 Dungeon Crawl Stone Soup version 0.17.1-3-g152610e (webtiles) character file.

376 Alarkh the Ruffian (level 6, -9/47 HPs)
             Began as a Draconian Transmuter on Apr 25, 2016.
             Was an Initiate of Okawaru.
             Killed by divine providence
             ... invoked by an orc priest
              (14 damage)
             ... on level 4 of the Dungeon.
             The game lasted 00:05:42 (4497 turns).

Alarkh the Ruffian (Draconian Transmuter)           Turns: 4497, Time: 00:05:42

Health: -9/47      AC:  6    Str: 13    XL:     6   Next: 44%
Magic:  7/9        EV: 12    Int: 15    God:    Okawaru [......]
Gold:   127        SH:  0    Dex: 11    Spells: 2 memorised, 5 levels left

rFire  . . .     SeeInvis .       - Unarmed
rCold  . . .     Clarity  .     (armour unavailable)
rNeg   . . .     SustAt   .     (no shield)
rPois  .         Gourm    .     (helmet restricted)
rElec  .         Spirit   .     (no cloak)
rCorr  .         Warding  .     (no gloves)
rMut   .         Rnd*Tele +     (no boots)
MR     .....                    (no amulet)
Stlth  +.........               (no ring)
                                i - ring of teleportation (curse)

@: not resistant to hostile enchantments, very unstealthy
A: unfitting armour, cold-blooded, AC +6
a: Renounce Religion, Evoke Teleportation


You were on level 4 of the Dungeon.
You worshipped Okawaru.
Okawaru was noncommittal.
You were hungry.

You visited 2 branches of the dungeon, and saw 5 of its levels.

You collected 127 gold pieces.

Inventory:

Missiles
 a - 58 arrows
Jewellery
 i - a cursed ring of teleportation (left hand)
Wands
 n - a wand of paralysis (2)
 o - a wand of fireball (3)
Scrolls
 f - 4 scrolls of teleportation
 g - a scroll of enchant weapon
 k - a scroll of noise
 m - a scroll of random uselessness {unknown}
 q - a scroll of remove curse {unknown}
Potions
 d - 2 potions of flight
 e - 2 potions of might
 h - a potion of mutation {unknown}
Books
 b - a book of Changes

   Spells                             Type                      Level
   a - Beastly Appendage              Transmutation                1
   b - Sticks to Snakes               Transmutation                2
   c - Spider Form                    Transmutation/Poison         3
   d - Ice Form                       Ice/Transmutation            4
   e - Blade Hands                    Transmutation                5
Comestibles
 c - 6 bread rations
 j - a meat ration
 l - 2 slices of pizza


   Skills:
 - Level 1.1 Fighting
 - Level 1.7 Dodging
 * Level 7.3 Unarmed Combat
 - Level 2.0 Spellcasting
 - Level 2.0 Transmutations


You had 5 spell levels left.
You knew the following spells:

 Your Spells              Type           Power        Failure   Level  Hunger
a - Beastly Appendage     Trmt           #.....       12%         1    #......
b - Spider Form           Trmt/Pois      #.........   43%         3    ###....


Dungeon Overview and Level Annotations

Branches:
Dungeon (4/15)             Temple (1/1) D:4

Altars:
Ashenzari
Cheibriados
Dithmenos
Elyvilon
Fedhas
Gozag
Kikubaaqudgha
Makhleb
Nemelex Xobeh
Okawaru
Qazlal
Ru
Sif Muna
Trog
Vehumet
Xom
Yredelemnul
Zin
The Shining One
Beogh


Innate Abilities, Weirdness & Mutations

Your plain brown scales are hard (AC +6).
Your body does not fit into most forms of armour.
You are cold-blooded and may be slowed by cold attacks.


Message History

Something smites you! The orc closely misses you.
The orc wizard casts a spell.
The orc wizard blinks!
You hear a shout!
The orc closely misses you. The orc wizard casts a spell at you.
You resist with some effort.
The orc wizard mumbles some strange words.
The orc wizard blinks!
The orc priest mumbles some strange prayers to Beogh against you.
Something smites you!
* * * LOW HITPOINT WARNING * * *
The orc priest casts a cantrip, but nothing happens.
The orc wizard gestures at you while chanting.
The magic dart hits you!
* * * LOW HITPOINT WARNING * * *
Your transformation has ended.
The orc priest calls down the wrath of Beogh upon you.
Something smites you!
You die...

####......####.. #....
.....#######.##'###
#.... .....# #....o.#
#.... .....# ##....##
##### .....# #..ยง.#
...[.# #...o# .....#
#....# .....# #...o#
###### #..o@#
#############....######
.................'...<#
#############....######
#....# #....# ######


You could see 2 orc priests, an orc wizard and an orc.

Vanquished Creatures
  A scorpion (D:4)
  2 hounds
  2 orc wizards
  Natasha (thrice) (D:2)
  A worker ant (D:4)
  3 gnolls (D:2)
  4 adders (D:2)
  An adder zombie (D:4)
  2 worms
  3 giant geckos
  11 orcs
  9 hobgoblins
  3 jackals (D:1)
  4 bats
  2 giant cockroaches
  5 giant newts
  8 goblins
  8 kobolds
  3 rats
75 creatures vanquished.

Notes
Turn   | Place    | Note
--------------------------------------------------------------
     0 | D:1      | Alarkh the Draconian Transmuter began the quest for the Orb.
     0 | D:1      | Reached XP level 1. HP: 16/16 MP: 3/3
   376 | D:1      | Reached XP level 2. HP: 17/23 MP: 5/5
   649 | D:1      | Reached skill level 4 in Unarmed Combat
  1125 | D:1      | Reached XP level 3. HP: 28/28 MP: 6/6
  1130 | D:1      | Learned a level 3 spell: Spider Form
  1296 | D:2      | Noticed Natasha
  1311 | D:2      | Killed Natasha
  1311 | D:2      | Reached skill level 5 in Unarmed Combat
  1311 | D:2      | Reached XP level 4. HP: 10/35 MP: 7/7
  1880 | D:2      | Noticed Natasha
  1905 | D:2      | Killed Natasha
  2644 | D:2      | Found a deep blue altar of Sif Muna.
  2645 | D:2      | Found a sparkling altar of Nemelex Xobeh.
  2649 | D:2      | Found a radiant altar of Vehumet.
  2650 | D:2      | Found a blossoming altar of Fedhas.
  2651 | D:2      | Found an opulent altar of Gozag.
  2658 | D:2      | Reached XP level 5. HP: 13/40 MP: 4/8
  2662 | D:2      | Found a bloodstained altar of Trog.
  2666 | D:2      | Found a shimmering altar of Xom.
  2998 | D:2      | Noticed Natasha
  3003 | D:2      | Killed Natasha
  3018 | D:2      | Reached skill level 6 in Unarmed Combat
  3657 | D:4      | Reached XP level 6. HP: 32/47 MP: 5/9
  3741 | D:4      | Reached skill level 7 in Unarmed Combat
  4143 | D:4      | Found a staircase to the Ecumenical Temple.
  4152 | Temple   | Entered the Ecumenical Temple
  4397 | Temple   | Became a worshipper of Warmaster Okawaru
  4483 | D:4      | Found a roughly hewn altar of Beogh.
  4497 | D:4      | Killed from afar by an orc priest

Action                   |  1- 3 |  4- 6 || total
-------------------------+-------+-------++-------
Melee: Unarmed           |   122 |   158 ||   280
 Cast: Beastly Appendage |     7 |    10 ||    17
       Spider Form       |       |    10 ||    10
  Use: Scroll            |     3 |     2 ||     5
       Potion            |       |     1 ||     1
 Stab: Sleeping          |     1 |     1 ||     2
  Eat: Chunk             |     1 |    12 ||    13
